 Dungeon Crawl Stone Soup version 0.26-a0-642-g67e99244d3 (webtiles) character file.

Game seed: 11730524684202457713

3002 DogServant the Changer (level 9, -8/74 HPs)
             Began as a Black Draconian Transmuter on Sept 22, 2020.
             Was an Initiate of Ru.
             Killed from afar by an orc wizard (10 damage)
             ... with a puff of frost
             ... on level 7 of the Dungeon.
             The game lasted 00:23:00 (10461 turns).

DogServant the Changer (DrTm)                      Turns: 10461, Time: 00:23:00

Health: -8/74      AC:  2    Str: 15    XL:     9   Next: 54%
Magic:  12/15      EV: 23    Int: 14    God:    Ru [......]
Gold:   422        SH:  0    Dex: 29    Spells: 2/17 levels left

rFire    . . .     SeeInvis .     - Unarmed
rCold    . . .     Faith    .   (shield currently unavailable)
rNeg     . . .     Spirit   .   (armour unavailable)
rPois    x         Reflect  .   (helmet currently unavailable)
rElec    .         Harm     .   (cloak currently unavailable)
rCorr    .         Rampage  .   (gloves currently unavailable)
MR       .....                  (boots currently unavailable)
Stlth    ..........             (no amulet)
HPRegen  0.22/turn              e - +6 ring of dexterity
MPRegen  0.14/turn              v - +6 ring of dexterity

@: about to teleport, spider-form
A: tiny, (breathe lightning), unfitting armour, no stealth, AC +7
a: End Transformation, Renounce Religion


You were on level 7 of the Dungeon.
You worshipped Ru.
Ru was noncommittal.
You were a venomous arachnid creature.
You visited 2 branches of the dungeon, and saw 8 of its levels.

You collected 422 gold pieces.

Inventory:

Armour
 j - a +0 pair of boots (melded)
Jewellery
 e - a +6 ring of dexterity (left front leg)
 l - an uncursed ring of protection from fire
 v - a +6 ring of dexterity (right front leg)
Wands
 q - a wand of polymorph (8)
 r - a wand of flame (8)
 t - a wand of disintegration (15)
Scrolls
 a - a scroll of amnesia
 d - 4 scrolls of magic mapping
 n - a scroll of enchant weapon
 s - a scroll of remove curse
 u - 2 scrolls of identify
 w - a scroll of enchant armour {unknown}
Potions
 b - a potion of cancellation
 f - a potion of berserk rage {unknown}
 g - 3 potions of curing {unknown}
 h - a potion of degeneration {unknown}
 i - 2 potions of magic {unknown}
 k - a potion of resistance {unknown}
 m - a potion of mutation {unknown}
 o - a potion of might {unknown}
 p - a potion of lignification {unknown}
 x - a potion of stabbing {unknown}


   Skills:
 - Level 5.5 Fighting
 + Level 3.4 Dodging
 + Level 7.1 Unarmed Combat
 - Level 4.5 Spellcasting
 + Level 7.3 Transmutations
 + Level 3.0 Ice Magic
 + Level 4.0 Poison Magic


You had 2 spell levels left.
You knew the following spells:

 Your Spells              Type           Power        Failure   Level
a - Beastly Appendage     Tmut           ###...       4%          1
b - Wereblood             Tmut           ###.....     6%          2
c - Spider Form           Tmut/Pois      ###.......   16%         3
d - Blade Hands           Tmut           ###.......   45%         5
e - Ice Form              Ice/Tmut       ###.....     43%         4

Your spell library contained the following spells:

 Spells                   Type           Power        Failure   Level


Dungeon Overview and Level Annotations

Branches:
Dungeon (7/15)             Temple (1/1) D:4

Altars:
Ashenzari
Cheibriados
Dithmenos
Elyvilon
Fedhas
Gozag
Hepliaklqana
Makhleb
Nemelex Xobeh
Okawaru
Qazlal
Ru
Sif Muna
Trog
Uskayaw
Vehumet
Wu Jian
Xom
Yredelemnul
Zin
The Shining One

Shops:
D:4 ?}   D:6 :(   D:7 (

Annotations:
D:7 Joseph


Innate Abilities, Weirdness & Mutations

((You can breathe wild blasts of lightning.))
((Your glossy black scales are hard. (AC +7)))
You cannot fit into any form of body armour.
((You are resistant to electric shocks. (rElec)))
((You are cold-blooded and may be slowed by cold attacks.))
You cannot be stealthy.


Message History

The puff of frost hits you!
* * * LOW HITPOINT WARNING * * *
Okay, then.
Okay, then.
Unknown command.
The white imp gestures at you. The puff of frost misses you.
You see here an orc corpse.
The phantom blinks!
The white imp grins evilly.
Found Mumijun's Antique Weapon Shop.
The orc wizard mumbles some strange words.
The orc wizard flickers and vanishes!
Deactivating autopickup; reactivate with Ctrl-A.
There is an open door here.
As you read the scroll of teleportation, it crumbles to dust.
You feel strangely unstable.
A puff of frost appears from out of thin air!
The puff of frost hits you!
You die...

..#.... #.####. #.# #
#.#######..# ########
#<.......... ......
####..#########...........#.
##>####........ #........
#......# #.#'###.......#
####...#### #.'s'.#......#
##.....## ###'#5#......#
...###.# #.#.#o....>## ####
#.### #.{o#.).....) #...##
###.o...# # ###..# ##..###.#
##.# #......# #.# ##..(.#.#
#.# ####.<.#...#


You could see a white imp.

Vanquished Creatures
  Pikel (D:6)
  Maggie (D:7)
  Sigmund (D:3)
  Menkaure (D:5)
  Duvessa (D:4)
  A phantom (D:6)
  An ice beast (D:6)
  A sky beast (D:7)
  A black bear (D:3)
  6 ogres
  4 lemures (D:5)
  2 centaurs (D:6)
  Dowan (D:4)
  A wyvern skeleton (D:6)
  A scorpion (D:4)
  A howler monkey (D:6)
  A jelly (D:5)
  4 orc priests
  2 hounds (D:5)
  An orc wizard (D:7)
  Jessica (D:3)
  3 iguanas
  3 worker ants
  2 hound skeletons
  A worker ant zombie (D:7)
  8 adders
  A shadow imp (D:5)
  2 white imps (D:7)
  An ufetubus (D:7)
  3 oozes
  An adder skeleton (D:4)
  3 worms (D:2)
  5 dart slugs
  5 leopard geckos
  17 orcs
  4 giant cockroaches
  7 hobgoblins
  9 jackals
  16 kobolds
  5 quokkas
  A ball python (D:5)
  A ball python skeleton (D:5)
  9 bats
  5 frilled lizards
  8 goblins
  A leopard gecko zombie (D:6)
  5 rats
  A butterfly (D:4)
161 creatures vanquished.

Vanquished Creatures (others)
  2 plants (D:3)
2 creatures vanquished.

Grand Total: 163 creatures vanquished

Notes
Turn   | Place    | Note
-------+----------+-------------------------------------------
     0 | D:1      | DogServant the Draconian Transmuter began the quest for the
                  | Orb.
     0 | D:1      | Reached XP level 1. HP: 16/16 MP: 3/3
   354 | D:1      | Reached XP level 2. HP: 22/23 MP: 3/5
   744 | D:1      | Reached XP level 3. HP: 22/29 MP: 6/6
   896 | D:1      | Learned a level 2 spell: Wereblood
  2138 | D:2      | Reached XP level 4. HP: 36/36 MP: 5/7
  2770 | D:3      | Learned a level 3 spell: Spider Form
  2806 | D:3      | Noticed Sigmund
  2893 | D:3      | Noticed a black bear
  2897 | D:3      | Killed a black bear
  2897 | D:3      | Reached XP level 5. HP: 44/44 MP: 6/8
  3197 | D:3      | Found a bloodstained altar of Trog.
  3220 | D:3      | Killed Sigmund
  3220 | D:3      | Reached XP level 6. HP: 27/51 MP: 8/10
  3545 | D:3      | Found a sparkling altar of Nemelex Xobeh.
  3545 | D:3      | Noticed Jessica
  3550 | D:3      | Killed Jessica
  3862 | D:3      | Found a radiant altar of Vehumet.
  4089 | D:4      | HP: 2/51 [poisoned by a scorpion]
  4097 | D:4      | HP: 2/51 [poisoned by a scorpion]
  4663 | D:4      | Learned a level 5 spell: Blade Hands
  4692 | D:4      | Found Viureen's Gadget Shoppe.
  4710 | D:4      | Reached skill level 5 in Unarmed Combat
  4711 | D:4      | Found a snail-covered altar of Cheibriados.
  4714 | D:4      | Your scales start taking on a glossy black colour.
  4714 | D:4      | Reached XP level 7. HP: 28/58 MP: 9/11
  4714 | D:4      | Gained mutation: You are resistant to electric shocks.
                  | (rElec) [Black Draconian growth]
  4911 | D:4      | Noticed Duvessa
  4915 | D:4      | Noticed Dowan
  4932 | D:4      | Killed Duvessa
  4932 | D:4      | Reached skill level 5 in Transmutations
  4942 | D:4      | Killed Dowan
  5302 | D:4      | Found a staircase to the Ecumenical Temple.
  5320 | Temple   | Entered the Ecumenical Temple
  5559 | Temple   | Became a worshipper of Ru the Awakened
  5711 | D:4      | Found Yjois's Magic Scroll Emporium.
  5781 | D:5      | Entered Level 5 of the Dungeon
  6040 | D:5      | Found a white marble altar of Elyvilon.
  6208 | D:5      | Found a shimmering altar of Xom.
  6270 | D:5      | Reached XP level 8. HP: 63/67 MP: 13/13
  6587 | D:5      | Noticed Pikel
  6590 | D:5      | Found an ornate altar of the Wu Jian Council.
  7269 | D:5      | Noticed Menkaure
  7295 | D:5      | Killed Menkaure
  7295 | D:5      | Reached skill level 5 in Fighting
  7295 | D:5      | Reached skill level 1 in Poison Magic
  7555 | D:5      | Learned a level 4 spell: Ice Form
  8174 | D:6      | Found Gelyirag's General Store.
  8177 | D:6      | Gained mutation: You cannot be stealthy. [Ru sacrifice]
  8230 | D:6      | Found Xicex's Antique Weapon Emporium.
  8242 | D:6      | Found Rainloat's Antique Weapon Shoppe.
  9132 | D:6      | Reached skill level 1 in Ice Magic
  9237 | D:6      | Found Nuxokko's Book Shop.
  9303 | D:6      | Killed Pikel
  9303 | D:6      | Reached XP level 9. HP: 71/74 MP: 12/15
  9959 | D:7      | Noticed Joseph
  9959 | D:7      | Noticed Maggie
 10454 | D:7      | Killed Maggie
 10454 | D:7      | HP: 1/74 [white imp/puff of frost (13)]
 10458 | D:7      | Found Mumijun's Antique Weapon Shop.
 10461 | D:7      | Killed from afar by an orc wizard

Illustrated notes

Levels and vault maps discovered:
D:1:      dpeg_arrival_tiny_f, layout_basic
D:2:      layout_loops_corners
D:3:      corexii_shack_village, layout_loops_ring,
          nicolae_overflow_hidden_temple, lemuel_doored_altar,
          nemelex_lonely_heart_becter, uniq_sigmund
D:4:      layout_loops_cross, kennysheep_slug_shrine,
          minmay_temple_entry_butterflies, serial_shops, kennysheep_mini_moat,
          nicolae_shop_waterfront, uniq_duvessa
D:5:      layout_basic, lemuel_round_altar, nicolae_overflow_crystal_walls,
          elyvilon_altar_5, uniq_pikel, uniq_menkaure
D:6:      layout_rooms, serial_curves, eino_curves_02, eino_curves_02,
          eino_curves_04, serial_shops, shop, shop, shop_coins, shop,
          ebering_dispersal_statue_hall
D:7:      layout_rooms, kennysheep_vampire_church, serial_shops,
          nicolae_shop_behind_doors, lemuel_tele_altar, uniq_joseph,
          uniq_crazy_yiuf_cottage, uniq_maggie
Temple:   eino_temple_rhombus

Skill      XL: |  1  2  3  4  5  6  7  8  9 |
---------------+----------------------------+-----
Fighting       | 2 3 4 5 |  5.5
Unarmed Combat | 4 5 6 7 |  7.1
Transmutations | 3 4 5 7 |  7.3
Spellcasting   | 3 4 |  4.5
Poison Magic   | 3 4 |  4.0
Dodging        | 2 3 |  3.4
Ice Magic      | 2 3 |  3.0

Action                   |  1- 3 |  4- 6 |  7- 9 || total
-------------------------+-------+-------+-------++-------
Melee: Unarmed           |   142 |   106 |   274 ||   522
       Tailslap          |    10 |    17 |    40 ||    67
       Kick              |    15 |    20 |    80 ||   115
       Headbutt          |    12 |    10 |    45 ||    67
       Punch             |     1 |     4 |     8 ||    13
 Cast: Beastly Appendage |    17 |    13 |    37 ||    67
       Spider Form       |       |       |     8 ||     8
       Wereblood         |       |       |     1 ||     1
Invok: Sacrifice Stealth |       |       |     1 ||     1
 Abil: Breathe Lightning |       |       |     1 ||     1
  Use: Scroll            |     6 |     3 |     5 ||    14
 Stab: Sleeping          |     3 |     1 |     3 ||     7
       Distracted        |       |       |     1 ||     1
Armor: Skin              |    72 |    23 |    37 ||   132
Dodge: Dodged            |   100 |    65 |   180 ||   345

Table legend: (Time is in decaauts)
 A = Elapsed time spent in this place.
 B = Non-inter-level travel time spent in this place.
 C = Inter-level travel time spent in this place.
 D = Time resting spent in this place.
 E = Time spent auto-exploring this place.
 F = Levels seen in this place.
 G = Mean time per level.
                   A        B        C        D        E       F      G
               +--------+--------+--------+--------+--------+-----+--------+
         Total |  10418 |  10153 |    265 |   4412 |   4310 |   8 | 1302.2 |
       Dungeon |  10162 |   9927 |    235 |   4412 |   4174 |   7 | 1451.7 |
        Temple |    255 |    225 |     30 |      0 |    136 |   1 |  255.0 |
               +--------+--------+--------+--------+--------+-----+--------+

Top non-repeatable levels by time:
     D:5: 2287 daAuts
     D:6: 1814 daAuts
     D:2: 1533 daAuts
     D:4: 1486 daAuts
     D:3: 1465 daAuts
     D:1: 1029 daAuts
     D:7: 546 daAuts
  Temple: 255 daAuts
